cohdb
Replays
Latest Replays
All Replays
Popular Replays
Top Player Replays
Match Explorer
How It Works
Community
CoH3 Stats
Reddit
Sign in to upload your games and track your stats! →
Sign in with Steam
Match 41793209
Unlisted
Match 41793209
Overview
Messages
Build Orders
End
Panzergrenadier Squad
Panzerpioneer Squad
Panzergrenadier Squad
250 Light Carrier
Selects Italian Infantry
Construct Light Support Kompanie
Construct Mechanized Kompanie
Assault Mechanized Group
Selects Guastatori Squad
8 Rad Armored Car
Selects Defensive Operations
Guastatori Squad
Construct Panzerarmee Kommand
Armored Reserves
Selects Territory Booby Traps
MadMax
CHUM
0
0
Comments
sign in to comment!
No comments posted yet!